 Dungeon Crawl Stone Soup version 0.18.1-5-g4a78601 (webtiles) character file.

68 mopl the Sneak (level 4, -57/27 HPs)
             Began as a High Elf Enchanter on May 11, 2016.
             Killed from afar by an ancient lich (65 damage)
             ... with a bolt of fire
             ... on level 1 of the Abyss.
             The game lasted 00:03:58 (2130 turns).

mopl the Sneak (High Elf Enchanter)                 Turns: 2130, Time: 00:03:58

Health: -57/27     AC:  6    Str:  7    XL:     4   Next: 1%
Magic:  9/9        EV: 13    Int: 19    God:
Gold:   109        SH:  0    Dex: 16    Spells: 3 memorised, 3 levels left

rFire  . . .     SeeInvis .     a - +0 dagger (venom)
rCold  . . .     Gourm    .     b - +1 robe
rNeg   . . .     Faith    .     (no shield)
rPois  .         Spirit   .     (no helmet)
rElec  .         Dismiss  .     (no cloak)
rCorr  .         Reflect  .     (no gloves)
SustAt .         Harm     .     o - +2 pair of boots
MR     .....                    (no amulet)
Stlth  +.........               (no ring)
                                (no ring)

@: confused, not resistant to hostile enchantments, very unstealthy
A: no striking features
a: no special abilities


You were on level 1 of the Abyss.
You were not hungry.

You visited 1 branch of the dungeon, and saw 2 of its levels.
You visited the Abyss 1 time.

You collected 109 gold pieces.

Inventory:

Hand Weapons
 a - a +0 dagger of venom (weapon)
Armour
 b - a +1 robe (worn)
 o - a +2 pair of boots (worn)
Scrolls
 g - 2 scrolls of enchant armour {unknown}
 h - 3 scrolls of identify {unknown}
 k - a scroll of fear {unknown}
 m - 2 scrolls of fog {unknown}
 n - a scroll of remove curse {unknown}
Potions
 e - 2 potions of degeneration {unknown}
 i - a potion of curing {unknown}
 j - a potion of berserk rage {unknown}
 p - a potion of agility {unknown}
Books
 c - a book of Maledictions

   Spells                             Type                      Level
   a - Corona                         Hexes                        1
   b - Ensorcelled Hibernation        Hexes/Ice                    2
   c - Confuse                        Hexes                        3
   d - Tukima's Dance                 Hexes                        3
   e - Dazzling Spray                 Conjuration/Hexes            3
Comestibles
 d - 2 bread rations
 f - 3 meat rations
 l - a chunk of flesh


   Skills:
 + Level 2.1 Short Blades
 - Level 2.1 Dodging
 * Level 4.1 Stealth
 + Level 3.1 Spellcasting
 * Level 3.6 Hexes
 + Level 0.4 Ice Magic


You had 3 spell levels left.
You knew the following spells:

 Your Spells              Type           Power        Failure   Level  Hunger
a - Corona                Hex            ###....      4%          1    None
b - Ensorcelled Hibernat  Hex/Ice        ##....       12%         2    ##.....
c - Confuse               Hex            ###.....     12%         3    ###....


Dungeon Overview and Level Annotations

Branches:
Dungeon (2/15)

Altars:
Nemelex Xobeh


Message History

Some of the chunks of flesh in your inventory have rotted away.
A starcursed mass comes into view.
A raiju comes into view.
An ancient lich comes into view.
The ancient lich shouts!
The ancient lich gestures at you while chanting.
You are confused.
An anaconda skeleton comes into view.
A small abomination comes into view.
You bump into the stone wall.
You feel less confused. The small abomination hits you!
The ancient lich points at you and mumbles some strange words.
You are confused.
You're too confused to move!
The small abomination hits you!
* * * LOW HITPOINT WARNING * * *
The ancient lich points at you and mumbles some strange words.
The bolt of fire hits you!
Ouch! That really hurt!
You die...

...... . ........
.# .... .....#..
##.. ###...### ..
##. ##.## #X## #...
##...## ...#
#.....#.....#.....
.............L.....
.#.....#.....#.....
...# #.@x###...#
#.# ##.## #.## ..
... ..# ..... ..
....... .#.....#.
.###...###. .#
##.## #.


You could see a starcursed mass (wandering), an ancient lich and a small
abomination.

Vanquished Creatures
  3 adders (D:2)
  5 bats
  3 giant cockroaches
  4 hobgoblins
  8 jackals (D:1)
  A kobold (D:2)
  A ball python (D:1)
  4 giant newts
  4 goblins (D:1)
  2 rats
35 creatures vanquished.

Notes
Turn   | Place    | Note
--------------------------------------------------------------
     0 | D:1      | mopl the High Elf Enchanter began the quest for the Orb.
     0 | D:1      | Reached XP level 1. HP: 11/11 MP: 4/4
   272 | D:1      | Found a sparkling altar of Nemelex Xobeh.
   453 | D:1      | Became a worshipper of Nemelex Xobeh the Trickster
   454 | D:1      | Fell from the grace of Nemelex Xobeh
   464 | D:1      | Reached XP level 2. HP: 17/17 MP: 6/6
   512 | D:1      | Learned a level 2 spell: Ensorcelled Hibernation
  1495 | D:1      | Reached XP level 3. HP: 19/21 MP: 8/8
  1502 | D:1      | Learned a level 3 spell: Confuse
  1759 | D:2      | Reached skill level 4 in Stealth
  1863 | D:2      | Reached skill level 2 in Short Blades
  1933 | D:2      | Reached skill level 3 in Spellcasting
  1933 | D:2      | Reached XP level 4. HP: 21/27 MP: 5/9
  1941 | D:2      | Cast into level 1 of the Abyss (drawing a card)
  2048 | Abyss:1  | Noticed a fire bat
  2093 | Abyss:1  | Noticed a large abomination
  2118 | Abyss:1  | Noticed a starcursed mass
  2119 | Abyss:1  | Noticed a raiju
  2123 | Abyss:1  | Noticed an ancient lich
  2124 | Abyss:1  | Noticed an anaconda skeleton
  2125 | Abyss:1  | Noticed a small abomination
  2130 | Abyss:1  | Killed from afar by an ancient lich

Skill      XL: |  1  2  3 |
---------------+----------+-----
Stealth        | 4 |  4.1
Short Blades   | 2 |  2.1
Spellcasting   | 3 |  3.1
Dodging        | |  2.1
Hexes          | |  3.6
Ice Magic      | |  0.4

Action                   |  1- 3 |  4- 6 || total
-------------------------+-------+-------++-------
Melee: Dagger            |    90 |     1 ||    91
 Cast: Corona            |     9 |       ||     9
       Ensorcelled Hiber |     7 |       ||     7
Invok: Renounce Religion |     1 |       ||     1
 Stab: Sleeping          |    16 |       ||    16
  Eat: Chunk             |     4 |       ||     4
Armor: Robe              |    35 |       ||    35
Dodge: Dodged            |    68 |       ||    68
